 Dungeon Crawl Stone Soup version 0.26.1-11-gd32895ea62 (webtiles) character file.

Game seed: 3973045395721794734

1186 dtburroughs the Chopper (level 8, -1/71 HPs)
             Began as a Minotaur Berserker on June 17, 2021.
             Was a Priest of Trog.
             Slain by an unseen horror (3 damage)
             ... on level 6 of the Dungeon on June 18, 2021.
             The game lasted 00:15:38 (8891 turns).

dtburroughs the Chopper (Minotaur Berserker)        Turns: 8891, Time: 00:15:39

Health: -1/71      AC: 12    Str: 20 (22) XL:     8   Next: 19%
Magic:  7/7        EV:  9    Int:  4 (6)  God:    Trog [***...]
Gold:   247        SH:  5    Dex:  8 (10) Spells: 7/7 levels left

rFire    . . .     SeeInvis .   G - +0 flail
rCold    . . .     Faith    .   (no shield)
rNeg     . . .     Spirit   .   H - +0 chain mail
rPois    .         Reflect  +   (helmet unavailable)
rElec    .         Harm     .   o - +0 cloak
rCorr    .         Rampage  .   (no gloves)
Will     .....                  y - +0 pair of boots
Stlth    ..........             C - amulet of reflection
HPRegen  0.21/turn              (no ring)
MPRegen  0.10/turn              (no ring)

@: berserk cooldown, slowed, very slow
A: retaliatory headbutt, fangs 1, horns 3
a: Renounce Religion, Berserk, Trog's Hand


You were on level 6 of the Dungeon.
You worshipped Trog.
Trog was most pleased with you.
You visited 1 branch of the dungeon, and saw 6 of its levels.
You also visited: Ossuary.

You collected 247 gold pieces.

Inventory:

Hand Weapons
 a - a +1 hand axe
 G - a +0 flail (weapon)
Armour
 o - a +0 cloak (worn)
 y - a +0 pair of boots (worn)
 H - a +0 chain mail (worn)
Jewellery
 e - an uncursed amulet of the acrobat
 C - an amulet of reflection (around neck)
Wands
 l - a wand of polymorph (7)
Scrolls
 g - a scroll of fear {unknown}
 h - 2 scrolls of magic mapping {unknown}
 j - 3 scrolls of teleportation
 m - a scroll of identify
 n - a scroll of vulnerability {unknown}
 q - a scroll of blinking
 r - 2 scrolls of amnesia {unknown}
 s - a scroll of enchant armour {unknown}
 t - 3 scrolls of enchant weapon
 u - 2 scrolls of noise {unknown}
 x - a scroll of fog
 A - 2 scrolls of immolation {unknown}
 E - 5 scrolls of random uselessness {unknown}
 F - a scroll of remove curse
Potions
 b - 5 potions of degeneration
 c - a potion of heal wounds {unknown}
 d - a potion of mutation
 f - 2 potions of lignification
 i - 2 potions of invisibility {unknown}
 k - 2 potions of ambrosia {unknown}
 p - a potion of might {unknown}
 v - 5 potions of curing {unknown}
 w - 2 potions of flight {unknown}
 z - a potion of haste {unknown}
 B - a potion of brilliance {unknown}


   Skills:
 + Level 6.4 Fighting
 + Level 6.4 Axes
 + Level 5.9 Armour
 + Level 5.3 Dodging
 + Level 3.2 Evocations


You had 7 spell levels left.
You didn't know any spells.
Your spell library was empty.

Dungeon Overview and Level Annotations

Branches:
Dungeon (6/15)            Ossuary (visited)
 Temple: D:4-7

Altars:
Ashenzari
Elyvilon
Nemelex Xobeh
Okawaru
Sif Muna
Trog
Wu Jian
Zin

Shops:
D:5 !

Annotations:
D:5 1 runed translucent door, Zeld's ghost, novice DrGl


Innate Abilities, Weirdness & Mutations

You reflexively headbutt those who attack you in melee.
You have a pair of large horns on your head.
You have very sharp teeth.


Message History

You feel your anger nearly subside.
You are no longer berserk.
You are exhausted.
You feel yourself slow down. Something hits you!
* * * LOW HITPOINT WARNING * * *
Your skin stops crawling.
You feel less strong-willed. Something hits you.
* * * LOW HITPOINT WARNING * * *
Something hits you.
* * * LOW HITPOINT WARNING * * *
Something hits you.
* * * LOW HITPOINT WARNING * * *
Something hits you.
* * * LOW HITPOINT WARNING * * *
Something hits you but does no damage. Something hits you.
* * * LOW HITPOINT WARNING * * *
It was a potion of mutation.
You feel extremely strange. The horns on your head grow some more.
Your teeth lengthen and sharpen.
Something hits you but does no damage. Something hits you.
You die...

.. ... ## ##.# .#
### #..##'## #<#
#......# #(#
#......# #.#
#......#
#†###......#
#(#...@.#'##
.######.#.###.#.#
.......(..#.....#
≈..########.§.§##
8..... #.§.§+
#.... #.§§§##
#...# #.§§§§#
#...## #####.#
⌠...⌠#
#.#####...#


There were no monsters in sight!

Vanquished Creatures
  An orc warrior (D:6)
  An ice beast (D:6)
  An ogre (D:4)
  A bullfrog (D:5)
  4 scorpions
  A howler monkey (D:4)
  2 centaur zombies (Ossuary)
  A hound (D:4)
  An orc priest (D:5)
  An orc wizard (D:5)
  4 worker ants
  A hound zombie (D:5)
  A hound skeleton (D:6)
  4 mummies (Ossuary)
  4 gnolls
  A worker ant zombie (D:4)
  7 adders
  3 white imps
  An adder skeleton (D:4)
  2 adder zombies (D:4)
  4 worms
  5 dart slugs
  3 leopard geckos
  18 orcs
  7 bats
  5 giant cockroaches
  A gnoll zombie (Ossuary)
  6 goblins
  7 hobgoblins
  12 jackals
  4 kobolds
  A ball python (D:5)
  A frilled lizard (D:4)
  2 goblin zombies (Ossuary)
  A hobgoblin zombie (Ossuary)
  A jackal skeleton (D:4)
  2 orc zombies (Ossuary)
  A quokka skeleton (D:4)
  10 rats
133 creatures vanquished.

Vanquished Creatures (others)
  A plant (D:6)
  5 withered plants (D:4)
6 creatures vanquished.

Grand Total: 139 creatures vanquished

Notes
Turn   | Place    | Note
-------+----------+-------------------------------------------
     0 | D:1      | dtburroughs the Minotaur Berserker began the quest for the
                  | Orb.
     0 | D:1      | Reached XP level 1. HP: 19/19 MP: 0/0
   328 | D:1      | Reached XP level 2. HP: 27/27 MP: 1/1
   639 | D:1      | You fall into a shaft and drop 1 floor!
   649 | D:2      | Found a shimmering blue altar of Sif Muna.
   653 | D:2      | Reached XP level 3. HP: 33/33 MP: 2/2
   658 | D:2      | Identified Sif Muna's Papyrus of Poison
   663 | D:2      | Found a bloodstained altar of Trog.
  1042 | D:2      | Found a white marble altar of Elyvilon.
  1245 | D:2      | Reached ** piety under Trog
  1771 | D:2      | Reached XP level 4. HP: 39/41 MP: 3/3
  2300 | D:3      | Found a glowing silver altar of Zin.
  2562 | D:3      | Found an iron altar of Okawaru.
  2926 | D:3      | Reached XP level 5. HP: 44/47 MP: 4/4
  3307 | D:3      | Found an ornate altar of the Wu Jian Council.
  3445 | D:4      | Noticed an ogre
  3454 | D:4      | Killed an ogre
  3455 | D:4      | Reached skill level 1 in Evocations
  3481 | D:4      | Reached skill level 5 in Fighting
  3481 | D:4      | Reached skill level 5 in Axes
  3481 | D:4      | Reached XP level 6. HP: 27/56 MP: 5/5
  4115 | D:4      | Found a broken altar of Ashenzari.
  5282 | D:5      | Entered Level 5 of the Dungeon
  5306 | D:5      | Found a runed translucent door.
  5306 | D:5      | Noticed Zeld's ghost (novice DrGl)
  5316 | D:5      | Reached XP level 7. HP: 32/61 MP: 6/6
  5319 | D:5      | Reached *** piety under Trog
  5809 | D:5      | Reached skill level 5 in Armour
  6115 | D:5      | Found Addotz's Distillery.
  6624 | D:5      | Found a sparkling altar of Nemelex Xobeh.
  6670 | D:5      | Found a broken altar of Ashenzari.
  6731 | D:6      | Found a sand-covered staircase.
  6760 | Ossuary  | Entered an ossuary
  7021 | D:6      | Noticed a four-headed hydra
  7035 | D:6      | HP: 1/63 [seven-headed hydra (9)]
  7040 | D:6      | HP: 1/63 [bullfrog (1)]
  7634 | D:6      | Reached skill level 5 in Dodging
  7634 | D:6      | Reached XP level 8. HP: 39/70 MP: 7/7
  8890 | D:6      | HP: 2/71 [something (4)]
  8891 | D:6      | Gained mutation: You have a pair of large horns on your
                  | head. [potion of mutation]
  8891 | D:6      | Gained mutation: You have very sharp teeth. [potion of
                  | mutation]
  8891 | D:6      | Slain by an unseen horror

Illustrated notes

Levels and vault maps discovered:
D:1:      kilobyte_arrival_exit_the_forest, layout_basic, item_on_display_a
D:2:      layout_basic, elyvilon_altar_3, nzn_overflow_gifts_of_might_and_magic
D:3:      layout_rooms, kennysheep_okawaru_gauntlet, zin_treasury,
          nzn_wu_jian_council_hall, hangedman_decor_clover_reticule,
          kennysheep_generic_room_16
D:4:      layout_loops_corners, ashenzari_conservatory_becter, serial_undead,
          serial_undead_e, serial_undead_c, serial_undead_e, serial_undead_c
D:5:      layout_basic, kennysheep_mini_moat, hellmonk_ghost_happy_afterlife,
          serial_shops, shop_fountains, cheibrodos_ashenzari_chains
D:6:      layout_basic, fedhas_ov_isle_minmay, lemuel_round_altar,
          portal_sewer_entry_a, enter_ossuary_1, corexii_hall_statues_s,
          minmay_manual_monstrance

Skill      XL: |  1  2  3  4  5  6  7  8 |
---------------+-------------------------+-----
Axes           | 4 5 6 |  6.4
Armour         | 3 4 5 |  5.9
Fighting       | 4 5 6 |  6.4
Dodging        | 3 4 5 |  5.3
Evocations     | 1 2 3 |  3.2

Action                   |  1- 3 |  4- 6 |  7- 9 || total
-------------------------+-------+-------+-------++-------
Melee: Hand axe          |    81 |   175 |   163 ||   419
       Headbutt          |    15 |    30 |    29 ||    74
       Flail             |       |       |    18 ||    18
Invok: Berserk           |     1 |       |     1 ||     2
       Trog's Hand       |       |     1 |     3 ||     4
  Use: Scroll            |       |       |    10 ||    10
       Potion            |       |       |     4 ||     4
Armor: Animal skin       |    22 |    11 |       ||    33
       Ring mail         |       |    12 |    32 ||    44
       Skin              |       |       |    16 ||    16
       Chain mail        |       |       |    40 ||    40
Dodge: Dodged            |    65 |   119 |    63 ||   247
Block: Other             |       |       |    29 ||    29
       Reflection        |       |       |     1 ||     1
